AoeStats
← VN_ChimLeLe

Arabia

510081480Analyzed
2v2 RM · 4d ago on Sep 29, 2026· 20m 5s· 4 players
Game mode
Random Map
Map size
Medium (4 player)
Population
200
Speed
Normal
Resources
Standard
Victory
Conquest
Starting age
Dark Age
Ending age
Imperial Age
RankedLock teamsTeams togetherTeam positionsShared explorationLock speedFull tech treeHidden civsTurbo modeCheats
Victory
Defeat
🇦🇺 Burmese · Australia
836
+13
🇻🇳 Ethiopians · Vietnam
773
+15
🇪🇸 Vikings · Spain
796
-15
🇸🇪 Berbers · Sweden
738
-18
paujou92
9:10 Loom
10:16 Loom
12:02 Feudal Age
13:26 Double-Bit Axe
13:23 Horse Collar
13:37 Gold Mining
17:08 Stone Mining
GnagetUrdal
12:33 Feudal Age
15:35 Horse Collar
VN_ChimLeLe
11:57 Feudal Age
10:13 Loom
12:37 Double-Bit Axe
17:09 Castle Age
danielbt
10:50 Feudal Age
9:06 Loom
11:26 Horse Collar
21:03 Wheelbarrow
Connection lost

Rejoining the realm…

Still unreachable

The connection could not be restored.

Session expired

The server has moved on; the page needs a fresh start.